 Dungeon Crawl Stone Soup version 0.30-a0-765-g3161bf10a1 (webtiles) character file.

Game seed: 4915179857028858969

381 Conn the Firebug (level 6, -3/36 HPs)
             Began as an Octopode Fire Elementalist on Feb 12, 2023.
             Killed by divine providence
             ... invoked by an orc priest
              (16 damage)
             ... on level 5 of the Dungeon.
             The game lasted 00:07:05 (3135 turns).

Conn the Firebug (Octopode Fire Elementalist)       Turns: 3135, Time: 00:07:06

Health: -3/36      AC:  1    Str:  7    XL:     6   Next: 75%
Magic:  9/20       EV: 13    Int: 19    God:
Gold:   193        SH:  0    Dex: 13    Spells: 6/12 levels left

rFire   . . .      SeeInvis .    d - staff of conjuration
rCold   . . .      Faith    .    (no shield)
rNeg    . . .      Spirit   .    (helmet restricted)
rPois   .          Reflect  .    (no amulet)
rElec   .          Harm     .    w - ring of magical power
rCorr   .          Rampage  .    (no ring)
Will    .....                    (no ring)
Stlth   +++                      (no ring)
HPRegen 0.26/turn                (no ring)
MPRegen 0.17/turn                (no ring)
                                 (no ring)
                                 (no ring)

@: no status effects
A: almost no armour, amphibious, 8 rings, camouflage 1, gelatinous body 1,
(nimble swimmer 1), tentacles
a: no special abilities


You were on level 5 of the Dungeon.
You visited 1 branch of the dungeon, and saw 5 of its levels.
You also visited: Sewer.

You collected 193 gold pieces.

Inventory:

Hand Weapons
 c - a +0 short sword
Missiles
 t - a curare-tipped dart (quivered)
Magical Staves
 d - a staff of conjuration (weapon)
 k - a staff of poison
Jewellery
 w - a ring of magical power (left tentacle)
Wands
 o - a wand of charming (7)
Scrolls
 b - 2 scrolls of blinking {unknown}
 e - 2 scrolls of identify {unknown}
 g - a scroll of teleportation {unknown}
 i - a scroll of enchant armour {unknown}
 n - a scroll of noise {unknown}
 v - a scroll of brand weapon {unknown}
Potions
 a - 4 potions of magic
 f - a potion of brilliance {unknown}
 h - a potion of ambrosia {unknown}
 j - 2 potions of attraction {unknown}
 l - a potion of degeneration {unknown}
 m - 2 potions of haste {unknown}
 p - 2 potions of heal wounds {unknown}
 q - a potion of flight {unknown}
 r - 3 potions of mutation {unknown}
 s - 2 potions of invisibility {unknown}
 u - a potion of might {unknown}


   Skills:
 + Level 0.1 Fighting
 + Level 0.6 Staves
 + Level 2.2 Dodging
 + Level 3.6 Stealth
 * Level 3.9 Spellcasting
 * Level 3.2 Conjurations
 * Level 1.2 Hexes
 + Level 4.4 Fire Magic


You had 6 spell levels left.
You knew the following spells:

 Your Spells              Type           Power      Damage    Failure   Level
a - Foxfire               Conj/Fire      100%       2x1d9     2%          1
c - Inner Flame           Hex/Fire       14%        N/A       13%         3
e - Scorch                Fire           40%        2d7       3%          2

Your spell library contained the following spells:

 Spells                   Type           Power      Damage    Failure   Level
 Shock                    Conj/Air       56%        1d6       7%          1
 Apportation              Tloc           6%         N/A       14%         1
 Necrotise                Necr           12%        1d4       14%         1
 Summon Small Mammal      Summ           12%        N/A       14%         1
 Kindle Blastsparks       Fire/Tloc/Air  18%        2d11      22%         3
 Flame Wave               Conj/Fire      27%        2d9       28%         4
 Swiftness                Air            3%         N/A       38%         3
 Fireball                 Conj/Fire      13%        3d7       61%         5
 Airstrike                Air            1%         2d(1-17)  80%         4
 Starburst                Conj/Fire      13%        6d6       99%         6


Dungeon Overview and Level Annotations

Branches:
Dungeon (5/15)              Sewer (visited)
 Temple: D:4-7

Altars:
Cheibriados

Annotations:
D:4 Duvessa


Innate Abilities, Weirdness & Mutations

You cannot wear most types of armour.
You are amphibious.
You can wear up to eight rings at the same time.
Your skin changes colour to match your surroundings (Stealth+).
Your rubbery body absorbs attacks. (AC +1, EV +1)
((You are camouflaged when in or above water. (Stealth+)))
You have tentacles for arms and can constrict up to eight enemies at once.


Message History

Unknown command.
Your foxfire dissipates! x3
Unknown command.
Casting: Foxfire (safe; 3% risk of failure)
Confirm with . or Enter, or press ? or * to list all spells.
You feel a surge of power!
You conjure some foxfire!
The foxfire hits something.
Unknown command.
Your foxfire dissipates!
Unknown command.
Casting: Foxfire (safe; 3% risk of failure)
Confirm with . or Enter, or press ? or * to list all spells.
You feel a surge of power!
You conjure some foxfire!
The foxfire hits something.
The orc priest mumbles some strange prayers to Beogh against you.
Beogh smites you!
Unknown command.
Casting: Foxfire (safe; 3% risk of failure)
Confirm with . or Enter, or press ? or * to list all spells.
You feel a surge of power!
You conjure some foxfire!
The foxfire hits something.
Unknown command.
Casting: Foxfire (safe; 3% risk of failure)
Confirm with . or Enter, or press ? or * to list all spells.
You feel a surge of power!
You conjure some foxfire!
The foxfire hits something. x2
Reactivating autopickup.
You feel a bit more experienced.
Unknown command.
Casting: Foxfire (safe; 2% risk of failure)
Confirm with . or Enter, or press ? or * to list all spells.
You feel a surge of power!
You conjure some foxfire!
The orc priest invokes the aid of Beogh against you.
Beogh smites you!
The foxfire hits the orc priest!
The orc priest is heavily wounded.
Unknown command.
Your foxfire dissipates!
The orc priest invokes the aid of Beogh against you.
Beogh smites you!
You die...

.#.#.....## #.#
##.#......# #.###
#.#....#.# #.#..
#.#....#.####.#.#
#.######...##.#.#
#.# ###..§.#.# #.#
######v§§## . ...
..o)v§§§§§.##....
#########@...[....
#.§§§§§###.###
#.####.# #+#


You could see an orc priest (ally target).

Vanquished Creatures
  2 kobold brigands (Sewer)
  Dowan (D:4)
  An orc wizard (D:5)
  Robin (D:2)
  3 gnolls (D:3)
  4 adders
  A worm (D:2)
  A dart slug (D:2)
  2 orcs (D:5)
  7 ball pythons
  4 endoplasms
  9 giant cockroaches
  9 goblins
  7 hobgoblins
  2 quokkas
  9 bats
  4 frilled lizards
  24 kobolds
  7 rats
98 creatures vanquished.

Vanquished Creatures (collateral kills)
  6 foxfires
6 creatures vanquished.

Vanquished Creatures (others)
  242 foxfires
  5 plants
247 creatures vanquished.

Grand Total: 351 creatures vanquished

Notes
Turn   | Place    | Note
-------+----------+-------------------------------------------
     0 | D:1      | Conn the Octopode Fire Elementalist began the quest for the
                  | Orb.
     0 | D:1      | Reached XP level 1. HP: 11/11 MP: 3/3
   175 | D:1      | Reached XP level 2. HP: 17/17 MP: 0/5
   645 | D:1      | Reached XP level 3. HP: 21/21 MP: 2/6
   706 | D:1      | You fall into a shaft and drop 1 floor!
  1101 | D:2      | Noticed Robin
  1108 | D:2      | Killed Robin
  1109 | D:2      | Reached XP level 4. HP: 27/27 MP: 0/7
  1403 | D:2      | Found a snail-covered altar of Cheibriados.
  1743 | D:3      | Learned a level 2 spell: Scorch
  1747 | D:3      | Learned a level 3 spell: Inner Flame
  1778 | D:3      | Reached skill level 4 in Fire Magic
  1943 | D:3      | Reached XP level 5. HP: 31/31 MP: 2/9
  2370 | D:4      | Found a glowing drain.
  2379 | Sewer    | Entered a sewer
  2738 | Sewer    | Noticed a kobold brigand
  2742 | Sewer    | Killed a kobold brigand
  2743 | Sewer    | Reached XP level 6. HP: 29/36 MP: 6/11
  2870 | Sewer    | Reached skill level 1 in Hexes
  2981 | D:4      | Noticed Dowan
  2982 | D:4      | Noticed Duvessa
  2986 | D:4      | Killed Dowan
  2991 | D:5      | Entered Level 5 of the Dungeon
  3135 | D:5      | Killed from afar by an orc priest

Illustrated notes

Levels and vault maps discovered:
D:1:      nicolae_arrival_washed_ashore, layout_rooms
D:2:      minmay_door_path, layout_loops_ring, basic_altar, minmay_statues_item,
          minmay_hexomino_u4, uniq_robin
D:3:      layout_rooms, serial_bayou_ford_a
D:4:      layout_gridville, overflow_temple_1_default,
          minmay_temple_entry_waves, portal_sewer_entry_d, uniq_duvessa
D:5:      layout_basic, st_stairs_11, skrybe_limestone_x

Skill      XL: |  1  2  3  4  5  6 |
---------------+-------------------+-----
Stealth        | 3 |  3.6
Conjurations   | 2 3 |  3.2
Fire Magic     | 4 |  4.4
Spellcasting   | 3 |  3.9
Hexes          | 1 |  1.2
Fighting       | |  0.1
Staves         | |  0.6
Dodging        | |  2.2

Action                     |  1- 3 |  4- 6 || total
---------------------------+-------+-------++-------
  Melee: Unarmed           |     3 |       ||     3
         Tentacles         |     3 |     8 ||    11
         Constrict         |     4 |     9 ||    13
         Staff             |     7 |    25 ||    32
   Cast: Foxfire           |    64 |    82 ||   146
         Scorch            |       |     4 ||     4
         Inner Flame       |       |     3 ||     3
   Stab: Sleeping          |       |     1 ||     1
 Armour: Skin              |     1 |     1 ||     2
  Dodge: Dodged            |     8 |    15 ||    23

Table legend: (Time is in decaauts)
 A = Elapsed time spent in this place.
 B = Non-inter-level travel time spent in this place.
 C = Inter-level travel time spent in this place.
 D = Time resting spent in this place.
 E = Time spent auto-exploring this place.
 F = Levels seen in this place.
 G = Mean time per level.
                   A        B        C        D        E       F      G
               +--------+--------+--------+--------+--------+-----+--------+
         Total |   3139 |   3095 |     44 |     33 |   2238 |   6 |  523.2 |
       Dungeon |   2572 |   2528 |     44 |     33 |   1820 |   5 |  514.4 |
         Sewer |    567 |    567 |      0 |      0 |    418 |   1 |  567.0 |
               +--------+--------+--------+--------+--------+-----+--------+

Top non-repeatable levels by time:
     D:2: 1021 daAuts
     D:1: 705 daAuts
     D:3: 574 daAuts
   Sewer: 567 daAuts
     D:5: 135 daAuts
     D:4: 135 daAuts
